 Dungeon Crawl Stone Soup version 0.20.0-8-g6b59dc7 (webtiles) character file.

130505 Gravenous the Nimble (level 17, -2/163 HPs)
             Began as a Kobold Air Elementalist on June 1, 2017.
             Was the Champion of Trog.
             Succumbed to a redback's poison
             ... on level 3 of the Spider Nest.
             The game lasted 01:16:14 (30007 turns).

Gravenous the Nimble (Kobold Air Elementalist)     Turns: 30007, Time: 01:16:15

Health: -2/163     AC: -2    Str: 19    XL:     17   Next: 64%
Magic:  22/22      EV: 26    Int: 17    God:    Trog [******]
Gold:   1517       SH:  7    Dex: 16    Spells: 20/20 levels left

rFire    + . .     SeeInvis .   W - +5 scimitar (flame)
rCold    + . .     Gourm    .   Y - +0 buckler
rNeg     . . .     Faith    .   I - +0 troll leather armour
rPois    +         Spirit   .   o - +0 helmet
rElec    +         Reflect  .   d - +0 cloak
rCorr    .         Harm     .   p - +0 pair of gloves {Str+3}
MR       +....                  F - +2 pair of boots {Stlth+}
Stlth    ..........             S - amulet "Ukeje" {RegenMP rElec rC+}
Regen    0.8/turn               m - ring of protection from fire
MPRegen  0.3/turn               b - ring of poison resistance

@: berserking (expiring), lethally poisoned (-2 -> -78), corroded, very quick
A: carnivore 3
a: Berserk, Trog's Hand, Brothers in Arms, Burn Spellbooks, Renounce Religion


You were on level 3 of the Spider Nest.
You worshipped Trog.
Trog was exalted by your worship.
You were not hungry.

You visited 4 branches of the dungeon, and saw 27 of its levels.

You collected 2238 gold pieces.
You spent 721 gold pieces at shops.

Inventory:

Hand Weapons
 l - a +0 blowgun
 W - a +5 scimitar of flaming (weapon)
Missiles
 t - 12 curare-tipped needles
 O - a throwing net (quivered)
Armour
 d - a +0 cloak (worn)
 e - a +1 cloak of magic resistance
 o - a +0 helmet (worn)
 p - a +0 pair of gloves of strength (worn)
 q - a +0 helmet
 w - a +0 shield
 F - a +2 pair of boots of stealth (worn)
 I - a +0 troll leather armour (worn)
 Y - a +0 buckler (worn)
Jewellery
 b - a ring of poison resistance (right hand)
 m - a ring of protection from fire (left hand)
 v - a +3 ring of protection
 S - the amulet "Ukeje" (around neck) {RegenMP rElec rC+}
   (You bought it in a shop on level 1 of the Orcish Mines)

   [amulet of magic regeneration]

   It increases your magic regeneration.
   It protects you from cold.
   It insulates you from electricity.
 T - a +6 ring of strength
Wands
 y - a wand of enslavement (9/24)
 z - a wand of paralysis (10/24)
 A - a wand of confusion (30/48)
 B - a wand of random effects (13/48)
 C - a wand of acid (4/15)
 G - a wand of scattershot (0/9)
 H - a wand of paralysis (5/24)
 J - a wand of flame (26/48)
 N - a wand of digging (12/24)
 R - a wand of confusion (32/48)
 U - a wand of lightning (6/15)
 V - a wand of iceblast (8/15)
Scrolls
 a - 8 scrolls of remove curse
 i - 7 scrolls of teleportation
 u - 5 scrolls of enchant armour
 M - 2 scrolls of magic mapping
 P - 3 scrolls of identify
 X - 2 scrolls of blinking
Potions
 g - 11 potions of heal wounds
 h - 5 potions of mutation
 j - a potion of ambrosia
 n - 8 potions of curing
 r - 2 potions of haste
 D - 2 potions of lignification
 K - 3 potions of flight
 L - 2 potions of berserk rage
 Q - a potion of agility
 Z - a potion of magic
Books
 k - a book of Minor Magic

   Spells                             Type                      Level
   a - Magic Dart                     Conjuration                  1
   b - Blink                          Translocation                2
   c - Call Imp                       Summoning                    2
   d - Slow                           Hexes                        2
   e - Conjure Flame                  Conjuration/Fire             3
   f - Mephitic Cloud                 Conjuration/Poison/Air       3
   Trog disapproves of the use of such an item.
Miscellaneous
 x - a phantom mirror
Comestibles
 c - 16 meat rations
 f - 17 royal jellies


   Skills:
 * Level 13.3 Fighting
   Level 14.0(18.1) Short Blades
 - Level 13.1(14.1) Long Blades
 - Level 10.0 Armour
 + Level 14.1 Dodging
 - Level 6.5 Stealth
 - Level 6.8 Shields
 - Level 2.3 Spellcasting
   Level 2.3 Conjurations
   Level 4.0 Air Magic
 + Level 7.1 Evocations


You had 20 spell levels left.
You didn't know any spells.

Dungeon Overview and Level Annotations

Branches:
Dungeon (15/15)            Temple (0/1) D:6            Lair (6/6) D:9
 Shoals (0/4) Lair:4       Spider (4/4) Lair:3          Orc (2/2) D:10
    Elf (0/3) Orc:2        Vaults (0/5) D:13         Depths (0/5) D:15
  Slime: Lair:5-6

Altars:
Cheibriados
Fedhas
Hepliaklqana
Ru
Sif Muna
Trog
Xom
Yredelemnul
Beogh

Shops:
D:11 }   Orc:1 *   Orc:2 [?**%

Annotations:
Lair:4 exclusion: oklob plant
Lair:5 exclusion: oklob plant
Lair:6 exclusion: oklob plant
Spider:4 Jorgrun
Orc:2 exclusion: upstairs


Innate Abilities, Weirdness & Mutations

You are small and have problems with some larger weapons.
You are carnivorous and can eat meat at any time.


Message History

The redback is severely wounded.
* * * LOW HITPOINT WARNING * * *
You feel sick. The redback closely misses you.
You riposte.
You closely miss the redback.
The redback is severely wounded.
The demonic crawler completely misses you.
You riposte.
You hit the demonic crawler but do no damage.
The demonic crawler completely misses you. x2
The redback bites you.
* * * LOW HITPOINT WARNING * * *
You are more poisoned.
The redback poisons you!
* * * LOW HITPOINT WARNING * * *
You feel very sick. You block the demonic crawler's attack.
The demonic crawler misses you. You block the demonic crawler's attack.
Unknown command.
You feel a strong urge to attack something.
You die...

...........#..###..###
.....#..#.#..#...#.#.####
#.. ...........#.......# .
.#........<.....^..#..#
#.... ....#....#...##^.#
...#.##.#..#.##..#.#.###
...#...##...#........##
...............#......###
.....#..#...#...@##†.#.^#
#...)...#..#..#...s#....###
#..#...#..#.#...^ss......^##
...#.........#..######..#..#
.........##....##.. ##..#.##
..#.#..##.^#..##... ##....#
#†...........##.... ##...#
.†.#.#....#.##....≈ ##..#
#.......#...#....≈# #..#


You could see a demonic crawler and 2 redbacks.

Vanquished Creatures
  An emperor scorpion (Spider:3)
  2 orc warlords
  Nessos (D:13)
  2 entropy weavers
  Azrael (D:12)
  An ettin (Orc:1)
  Josephine (Orc:2)
  Erolcha (Orc:1)
  The ghost of Monsterracer the Grappler, a journeyman NaTm of Cheibriados (D:9)
  2 ogre magi
  6 hydras
  A catoblepas (Lair:5)
  An anaconda (shapeshifter) (D:12)
  8 centaur warriors
  14 two-headed ogres
  8 death yaks
  3 orc high priests (Orc:2)
  Nergalle (Orc:1)
  2 skeletal warriors (D:13)
  5 unseen horrors
  A wizard (D:12)
  A necromancer (D:15)
  7 orc knights
  5 orb spiders
  15 ugly things
  2 manticores (D:12)
  6 orc sorcerers
  6 wolf spiders
  6 deep elf magi
  4 cyclopes
  5 black mambas
  20 elephants
  2 torpor snails
  A naga mage (D:15)
  Psyche (D:8)
  A gargoyle (D:12)
  3 demonic crawlers
  3 rime drakes
  17 spiny frogs
  5 yaktaurs
  A kobold demonologist (D:14)
  A freezing wraith (D:14)
  4 komodo dragons
  2 tengu conjurers (D:13)
  A polar bear (Lair:3)
  11 trolls
  3 hornets
  14 jumping spiders
  A wolf spider simulacrum (D:12)
  7 slime creatures
  7 blink frogs
  10 dream sheep
  10 hippogriffs
  3 shadows
  2 vampires
  22 redbacks
  4 water elementals
  29 yaks
  13 tarantellas
  A wyvern (Lair:5)
  3 hogs (D:7)
  4 wraiths
  A human (D:7)
  4 basilisks (Lair:3)
  A fire elemental (D:11)
  4 vampire mosquitoes (D:14)
  2 hungry ghosts (D:12)
  A steam dragon (D:11)
  2 wargs (Orc:1)
  3 hell hounds (D:12)
  11 water moccasins
  7 porcupines
  27 orc warriors
  6 ice beasts
  A hornet zombie (D:15)
  2 sky beasts
  3 phantoms
  3 necrophages
  2 black bears (D:7)
  An eye of draining (D:12)
  4 wolves (Lair:5)
  11 ogres
  21 centaurs
  13 electric eels
  16 crocodiles
  A big kobold (D:9)
  18 bullfrogs
  A gnoll sergeant (D:6)
  2 wyvern zombies (D:13)
  6 scorpions
  A wyvern skeleton (D:13)
  6 killer bees
  26 wights
  5 howler monkeys
  5 centaur zombies
  7 crimson imps
  2 quasits
  27 orc priests
  6 bullfrog skeletons
  5 jellies
  21 orc wizards
  9 centaur skeletons
  6 hounds
  2 iguanas
  Natasha (twice) (D:4)
  8 worker ants
  2 killer bee zombies
  A hound zombie (D:6)
  A hound skeleton (D:6)
  Robin (D:2)
  4 gnolls (D:6)
  14 adders
  4 shadow imps
  An ooze (D:2)
  2 adder skeletons
  3 worms
  A dart slug (D:4)
  3 leopard geckos
  69 orcs
  2 ball pythons
  7 bats
  4 giant cockroaches
  8 hobgoblins
  8 jackals
  A quokka (D:9)
  8 frilled lizards
  A giant cockroach zombie (D:6)
  14 goblins
  A jackal skeleton (D:4)
  22 kobolds
  A leopard gecko zombie (D:5)
  8 rats
  A plant (Lair:6)
830 creatures vanquished.

Vanquished Creatures (collateral kills)
  Nikola (Spider:3)
  A ghost moth (Spider:3)
  An orc high priest (Orc:2)
  An orc knight (Orc:2)
  A wolf spider (Spider:3)
  A demonic crawler (Spider:3)
  A jumping spider (Spider:3)
  4 redbacks (Spider:3)
  2 tarantellas (Spider:3)
  A crimson imp (D:10)
  6 orcs (D:10)
20 creatures vanquished.

Vanquished Creatures (others)
  An orb spider (Spider:3)
  An orc wizard (Orc:2)
  2 orcs
  7 fungi
  4 plants
15 creatures vanquished.

Grand Total: 865 creatures vanquished

Notes
Turn   | Place    | Note
-------+----------+-------------------------------------------
     0 | D:1      | Gravenous the Kobold Air Elementalist began the quest for the Orb.
     0 | D:1      | Reached XP level 1. HP: 10/10 MP: 3/3
   463 | D:1      | Reached XP level 2. HP: 16/16 MP: 1/5
  1081 | D:2      | Reached XP level 3. HP: 20/20 MP: 2/6
  1717 | D:2      | Reached skill level 1 in Fighting
  1717 | D:2      | Reached XP level 4. HP: 25/25 MP: 3/7
  1958 | D:2      | Learned a level 3 spell: Static Discharge
  2428 | D:2      | Noticed Robin
  2444 | D:2      | Killed Robin
  2783 | D:3      | Reached skill level 1 in Short Blades
  2783 | D:3      | Reached XP level 5. HP: 28/29 MP: 4/8
  3355 | D:3      | Found a bloodstained altar of Trog.
  3411 | D:3      | Found a deep blue altar of Sif Muna.
  3439 | D:3      | Became a worshipper of Trog the Wrathful
  3757 | D:4      | Found a sacrificial altar of Ru.
  3906 | D:4      | Noticed Natasha
  3921 | D:4      | Killed Natasha
  3921 | D:4      | Reached XP level 6. HP: 18/35 MP: 5/9
  4273 | D:4      | Noticed Natasha
  4282 | D:4      | Killed Natasha
  4782 | D:5      | Entered Level 5 of the Dungeon
  4829 | D:5      | Noticed an ogre
  4844 | D:5      | Killed an ogre
  4856 | D:5      | Reached XP level 7. HP: 33/40 MP: 7/10
  5348 | D:5      | Reached skill level 5 in Short Blades
  6019 | D:6      | Reached skill level 5 in Dodging
  6020 | D:6      | Found a basalt altar of Yredelemnul.
  6044 | D:6      | Reached * piety under Trog
  6044 | D:6      | Reached XP level 8. HP: 10/46 MP: 11/11
  6257 | D:6      | Reached skill level 5 in Stealth
  7087 | D:6      | Reached XP level 9. HP: 52/52 MP: 12/12
  7362 | D:6      | Found a staircase to the Ecumenical Temple.
  7656 | D:7      | Noticed a hippogriff
  7657 | D:7      | Reached skill level 5 in Fighting
  7669 | D:7      | Killed a hippogriff
  7679 | D:7      | Reached ** piety under Trog
  7957 | D:7      | Found a hazy altar of Hepliaklqana.
  8382 | D:7      | Reached skill level 10 in Short Blades
  8407 | D:7      | Reached XP level 10. HP: 31/60 MP: 13/13
  8561 | D:7      | Noticed a two-headed ogre
  8584 | D:7      | Killed a two-headed ogre
  8860 | D:8      | Noticed a two-headed ogre
  8871 | D:8      | Killed a two-headed ogre
  9093 | D:8      | Got a pair of translucent gloves
  9125 | D:8      | Identified the cursed +0 pair of gloves of Liberalism {+Blink rF- Dex+7} (You found it on level 8 of the Dungeon)
  9558 | D:8      | Reached skill level 1 in Evocations
  9764 | D:8      | Noticed Psyche
  9770 | D:8      | Killed Psyche
  9770 | D:8      | Reached XP level 11. HP: 68/68 MP: 14/14
  9789 | D:8      | Reached *** piety under Trog
 10151 | D:8      | Noticed a two-headed ogre
 10161 | D:8      | Killed a two-headed ogre
 10566 | D:9      | Noticed Monsterracer's ghost (journeyman NaTm)
 10603 | D:9      | Killed Monsterracer's ghost
 10603 | D:9      | Reached skill level 5 in Evocations
 11297 | D:9      | Found a snail-covered altar of Cheibriados.
 11521 | D:9      | Found a staircase to the Lair.
 11673 | Lair:1   | Entered Level 1 of the Lair of Beasts
 11811 | Lair:1   | Reached skill level 1 in Armour
 11998 | Lair:1   | You fall through a shaft!
 12009 | Lair:2   | Reached **** piety under Trog
 12013 | Lair:2   | Noticed an elephant
 12015 | Lair:2   | Noticed an elephant
 12016 | Lair:2   | Noticed an elephant
 12059 | Lair:2   | Killed an elephant
 12059 | Lair:2   | Reached XP level 12. HP: 74/76 MP: 14/16
 12159 | Lair:2   | Reached skill level 10 in Dodging
 12651 | Lair:2   | Reached skill level 5 in Armour
 12782 | Lair:3   | Got a smoking silver ring
 12840 | Lair:3   | Reached skill level 10 in Fighting
 12932 | Lair:3   | Found a hole to the Spider Nest.
 13020 | Lair:3   | Identified the ring of Yjoeta {*Tele rPois rF+ Str-2} (You found it on level 3 of the Lair of Beasts)
 13076 | Lair:3   | Got a crude trident
 13079 | Lair:3   | Identified the +3 trident of Objectivity {pierce, Int+3} (You found it on level 3 of the Lair of Beasts)
 13803 | Lair:4   | Reached XP level 13. HP: 83/83 MP: 15/17
 14047 | Lair:4   | Reached ***** piety under Trog
 14064 | Lair:4   | Found a staircase to the Shoals.
 14527 | Lair:5   | Noticed a catoblepas
 14564 | Lair:5   | Killed a catoblepas
 14733 | Lair:5   | Noticed a seven-headed hydra
 14760 | Lair:5   | Noticed a seven-headed hydra
 14769 | Lair:5   | Killed a seven-headed hydra
 14785 | Lair:5   | Killed a seven-headed hydra
 15538 | Lair:5   | Found a blossoming altar of Fedhas.
 15713 | Lair:6   | Entered Level 6 of the Lair of Beasts
 15855 | Lair:6   | Reached XP level 14. HP: 71/91 MP: 14/18
 16634 | D:10     | Entered Level 10 of the Dungeon
 16785 | D:10     | Received a gift from Trog
 17381 | D:10     | Found a staircase to the Orcish Mines.
 17408 | D:10     | Reached skill level 10 in Armour
 17668 | D:11     | Reached skill level 1 in Long Blades
 17866 | D:11     | Reached ****** piety under Trog
 18189 | D:11     | Found Riuneuf's Gadget Emporium.
 18544 | D:12     | Received a gift from Trog
 19115 | D:12     | Noticed Azrael
 19212 | D:12     | Killed Azrael
 19478 | Orc:1    | Entered Level 1 of the Orcish Mines
 19520 | Orc:1    | Noticed Nergalle
 19559 | Orc:1    | Killed Nergalle
 19559 | Orc:1    | Reached XP level 15. HP: 97/97 MP: 19/19
 19824 | Orc:1    | Found Rabor's General Store.
 19936 | Orc:2    | Entered Level 2 of the Orcish Mines
 19976 | Orc:2    | Reached skill level 5 in Long Blades
 20258 | Orc:2    | Found Zutz's Food Shop.
 20371 | Orc:2    | Received a gift from Trog
 20398 | Orc:1    | Noticed an orc warlord
 20404 | Orc:1    | Killed an orc warlord
 20406 | Orc:1    | Noticed an orc warlord
 20723 | Orc:2    | Noticed Erolcha
 20821 | Orc:1    | Killed Erolcha
 21105 | Orc:2    | Noticed an orc warlord
 21214 | Orc:2    | Killed an orc warlord
 21496 | Orc:2    | Noticed Josephine
 21534 | Orc:2    | Killed Josephine
 21620 | Orc:2    | Found a roughly hewn altar of Beogh.
 21681 | Orc:2    | Found a staircase to the Elven Halls.
 21912 | Orc:2    | Received a gift from Trog
 21942 | Orc:2    | Found Isus's Assorted Antiques.
 21942 | Orc:2    | Found Jorinwy's Armour Shoppe.
 21953 | Orc:2    | Found Ecleh's Assorted Antiques.
 21953 | Orc:2    | Found Qeinaunt's Magic Scroll Shoppe.
 22042 | Orc:1    | Bought the amulet "Ukeje" {RegenMP rElec rC+} for 663 gold pieces
 22042 | Orc:1    | Bought a +0 buckler for 58 gold pieces
 22580 | D:12     | Paralysed by a wizard for 2 turns
 23239 | D:12     | Received a gift from Trog
 23508 | D:13     | Reached skill level 10 in Long Blades
 23751 | D:13     | Reached XP level 16. HP: 86/103 MP: 20/20
 24436 | D:13     | Found a gate to the Vaults.
 24488 | D:13     | Noticed Nessos
 24506 | D:13     | Killed Nessos
 25463 | D:14     | Received a gift from Trog
 26507 | D:15     | Entered Level 15 of the Dungeon
 27168 | D:15     | Found a shimmering altar of Xom.
 27379 | D:15     | Reached skill level 1 in Shields
 27671 | D:15     | Found a staircase to the Depths.
 27704 | D:15     | Received a gift from Trog
 27704 | D:15     | Reached XP level 17. HP: 98/108 MP: 21/21
 27764 | D:15     | Got a brightly glowing double sword {god gift}
 27771 | D:15     | Identified the +1 double sword of the Realm of Zot {venom, Str+4 Int+3} (Trog gifted it to you on level 15 of the Dungeon)
 28682 | Spider:1 | Entered Level 1 of the Spider Nest
 28879 | Spider:2 | Reached skill level 5 in Shields
 29306 | Spider:3 | Noticed Nikola
 29330 | Spider:3 | Killed Nikola
 29594 | Spider:3 | Received a gift from Trog
 29961 | Spider:4 | Entered Level 4 of the Spider Nest
 29963 | Spider:4 | Noticed Jorgrun
 30005 | Spider:3 | HP: 7/163 [redback (3)]
 30006 | Spider:3 | HP: 2/163 [poisoned by a redback]
 30007 | Spider:3 | Succumbed to a redback's poison

Skill      XL: |  1  2  3  4  5  6  7  8  9 10 11 12 13 14 15 16 17 |
---------------+----------------------------------------------------+-----
Fighting       | 1 2 3 4 6 7 9 10 11 12 13 | 13.3
Conjurations   | 2 |  2.3
Dodging        | 3 4 5 6 7 9 11 12 13 14 | 14.1
Air Magic      | 4 |  4.0
Short Blades   | 1 2 4 5 7 10 12 14 | 14.0
Stealth        | 3 4 6 |  6.5
Evocations     | 2 6 7 |  7.1
Armour         | 2 6 9 10 | 10.0
Long Blades    | 4 10 13 | 13.1
Shields        | 2 6 |  6.8
Spellcasting   | |  2.3

Action                   |  1- 3 |  4- 6 |  7- 9 | 10-12 | 13-15 | 16-18 || total
-------------------------+-------+-------+-------+-------+-------+-------++-------
Melee: Dagger            |    51 |   150 |   406 |  1013 |  1311 |       ||  2931
       Unarmed           |     7 |       |       |       |       |       ||     7
       Short sword       |       |       |       |    47 |    24 |       ||    71
       Scimitar          |       |       |       |       |   608 |  1090 ||  1698
 Cast: Shock             |    46 |    30 |       |       |       |       ||    76
Invok: Burn Spellbooks   |       |     1 |       |       |     1 |       ||     2
       Berserk           |       |       |     4 |    10 |    29 |     5 ||    48
       Trog's Hand       |       |       |       |       |     1 |     6 ||     7
       Brothers in Arms  |       |       |       |       |     1 |     2 ||     3
Evoke: Wand              |       |       |     1 |     2 |    18 |     4 ||    25
  Use: Scroll            |       |     8 |     5 |    13 |     8 |     6 ||    40
       Potion            |       |     1 |     2 |       |     4 |       ||     7
 Stab: Distracted        |     1 |       |     2 |       |     2 |     3 ||     8
       Sleeping          |     1 |     3 |     4 |    16 |    15 |     7 ||    46
       Paralysed         |       |       |       |     1 |       |     2 ||     3
  Eat: Chunk             |    11 |    10 |    15 |    27 |    67 |    25 ||   155
Armor: Robe              |    13 |    13 |       |       |       |       ||    26
       Ring mail         |       |    27 |    78 |    34 |       |       ||   139
       Troll leather arm |       |       |       |   141 |   218 |   204 ||   563
       Skin              |       |       |       |       |    26 |       ||    26
Dodge: Dodged            |    59 |   111 |   238 |   666 |  1332 |  1008 ||  3414
Block: Buckler           |       |       |       |       |       |   147 ||   147
       Rpst.: Scimitar   |       |       |       |       |   152 |   252 ||   404
